 Dungeon Crawl Stone Soup version 0.31.0-11-ge490571c62 (webtiles) character file.

Game seed: 319485559385198770

10 inmateoo the Sneak (level 2, -1/24 HPs)
             Began as a Human Delver on Jan 28, 2024.
             Slain by a sleepcap (19 damage)
             ... on level 4 of the Dungeon.
             The game lasted 00:00:26 (157 turns).

inmateoo the Sneak (Human Delver)                    Turns: 157, Time: 00:00:26

Health: -1/24      AC:  4    Str: 12    XL:     2   Next: 20%
Magic:  2/2        EV:  2    Int: 10    God:
Gold:   0          SH:  0    Dex: 14    Spells: 1/1 levels left

rFire   . . .        a - +0 spear
rCold   + . .        (no shield)
rNeg    . . .        b - +0 leather armour
rPois   .            (no helmet)
rElec   .            k - +0 cloak
rCorr   .            (no gloves)
SInv    .            (no boots)
Will    .....        (no amulet)
Stlth   +++          d - ring of protection from cold
HPRegen 0.24/turn    (no ring)
MPRegen 0.08/turn

%: no passive effects
@: sleeping
A: explore regen
a: no special abilities


You were on level 4 of the Dungeon.
You visited 1 branch of the dungeon, and saw 2 of its levels.

Inventory:

Hand Weapons
 a - a +0 spear (weapon)
Missiles
 i - a throwing net (quivered)
Armour
 b - a +0 leather armour (worn)
 k - a +0 cloak (worn)
Jewellery
 d - a ring of protection from cold (left hand)
Wands
 g - a wand of digging (3)
Scrolls
 c - a scroll of fog
 e - a scroll of fear
Potions
 f - a potion of haste
 h - a potion of attraction {unknown}
 j - a potion of curing {unknown}


   Skills:
 + Level 3.3 Fighting
 + Level 2.4 Polearms
 - Level 2.0 Dodging
 - Level 5.0 Stealth


You had one spell level left.
You didn't know any spells.
Your spell library contained the following spells:

 Spells                   Type           Power      Damage    Failure   Level
 Sting                    Conj/Alch      0%         1d3       43%         1
 Mercury Vapours          Alch/Air       0%         N/A       58%         2
 Olgreb's Toxic Radiance  Alch           0%         N/A       99%         4


Dungeon Overview and Level Annotations

Branches:
Dungeon (5/15)
 Temple: D:4-7

Altars:


Innate Abilities, Weirdness & Mutations

You regain HP and MP as you explore.


Message History

Found a stone staircase leading up.
There is a stone staircase leading up here.
h - a white potion You see here 4 stones.
i - a throwing net
There is a stone staircase leading up here.
You climb upwards.
You hear the sound of rushing water.
There is an entrance to a sewer on this level.
Hurry and find it before the portal rusts away!
There is a stone staircase leading down here.
As you read the scroll of revelation, it crumbles to dust.
You feel aware of your surroundings.
You sensed 2 altars, and 1 shop/portal.
Found a bronze ring and a coppery potion.
There is a stone staircase leading down here.
d - a ring of protection from cold
d - a ring of protection from cold (left hand)
Found a cloak.
j - a coppery potion
Found a Young Poisoner's Handbook.
You see here a +0 cloak.
k - a +0 cloak You start putting on your armour.
You continue putting on your +0 cloak. x4
You finish putting on your +0 cloak.
You pick up a Young Poisoner's Handbook and begin reading...
You add the spells Sting, Mercury Vapours and Olgreb's Toxic Radiance to your library.
A ball python comes into view.
Found 5 stones.
The ball python hisses angrily.
You hear the slow rusting of a very distant drain.
You hit the ball python.
You kill the ball python!
A sleepcap comes into view.
You hit the sleepcap.
The sleepcap is lightly damaged.
The sleepcap releases spores at you.
You are engulfed in a cloud of soporific spores!
You fall asleep.
The sleepcap releases spores at you!!
Ouch! That really hurt!
You die...

.,,* *,* *,,,,* #*** *,* *....#
.,,* *,*******#.#.# ##.#
*,,,,,,,*#.#.# ** ##.#
*******,*#.#.# *, ##.# #.##.#.#
***, ##.# ##.##.#.## *,,, ##.###
#.....f..###### *<*, .....#
#..##.@.......##****,*,
##.#.######..####†........,,,,,*,
...#.........# #.#####...,,,,,,,
##.........#.####.# ***********
...#######........#
.............######
##############


You could see a sleepcap.

Vanquished Creatures
  An adder (D:5)
  A ball python (D:4)
2 creatures vanquished.

Notes
Turn   | Place    | Note
-------+----------+-------------------------------------------
     0 | D:5      | inmateoo the Human Delver began the quest for the Orb.
     0 | D:5      | Reached XP level 1. HP: 18/18 MP: 1/1
    33 | D:5      | Reached XP level 2. HP: 16/24 MP: 2/2
   157 | D:4      | Slain by a sleepcap

Illustrated notes

Levels and vault maps discovered:
D:4:      layout_loops_ring, jmf_multi_god_temple, portal_sewer_entry_d,
          minmay_distorted
D:5:      layout_loops_ring, grunt_qazlal_sundering, nicolae_uskayaw_suspiria,
          minmay_temple_entry_junction, serial_bayou_pond_a

Action                     || total
---------------------------++-------
  Melee: Spear             ||     6
    Use: Scroll            ||     1
 Armour: Leather armour    ||     5
  Dodge: Dodged            ||     1
